 Dungeon Crawl Stone Soup version 0.21-a0-95-g06f091e (webtiles) character file.

1376 grindst0ne the Spear-Bearer (level 8, -1/60 HPs)
             Began as a Merfolk Gladiator on July 4, 2017.
             Was a Follower of Ru.
             Slain by an orc
             ... wielding the +9 trident of Understanding {pierce, rF+ rN+ Str-5 Int+3}
              (3 damage)
             ... on level 6 of the Dungeon.
             The game lasted 00:08:44 (5190 turns).

grindst0ne the Spear-Bearer (Merfolk Gladiator)     Turns: 5190, Time: 00:08:45

Health: -1/60      AC:  4    Str: 16    XL:     8   Next: 66%
Magic:  8/8        EV: 18    Int: 12    God:    Ru [*.....]
Gold:   266        SH:  0    Dex: 17    Spells: 7/7 levels left

rFire    . . .     SeeInvis .   a - +0 trident
rCold    . . .     Gourm    .   (no shield)
rNeg     . . .     Faith    .   b - +0 leather armour
rPois    .         Spirit   .   x - +0 helmet
rElec    .         Reflect  .   (no cloak)
rCorr    .         Harm     .   (no gloves)
MR       .....                  (no boots)
Stlth    +.........             (no amulet)
HPRegen  0.20/turn              q - +4 ring of intelligence
MPRegen  0.11/turn              y - +2 ring of dexterity

@: no status effects
A: change form in water, swift swim, stealthy swim, hated by all
a: Renounce Religion


You were on level 6 of the Dungeon.
You worshipped Ru.
Ru was aware of your devotion.
You were not hungry.

You visited 2 branches of the dungeon, and saw 7 of its levels.

You collected 266 gold pieces.

Inventory:

Hand Weapons
 a - a +0 trident (weapon)
 B - a +1 trident of distortion
Missiles
 d - 3 throwing nets (quivered)
Armour
 b - a +0 leather armour (worn)
 c - a +0 helmet
 x - a +0 helmet (worn)
 G - a +0 chain mail
Jewellery
 q - a +4 ring of intelligence (left hand)
 y - a +2 ring of dexterity (right hand)
Scrolls
 e - 7 scrolls of identify {unknown}
 g - a scroll of magic mapping {unknown}
 h - a scroll of fear {unknown}
 i - a scroll of amnesia {unknown}
 k - 2 scrolls of teleportation {unknown}
 l - 5 scrolls of remove curse {unknown}
 n - 3 scrolls of fog {unknown}
 p - a scroll of blinking {unknown}
 r - a scroll of random uselessness {unknown}
 u - a scroll of enchant weapon {unknown}
 w - 2 scrolls of immolation {unknown}
 A - a scroll of enchant armour {unknown}
 F - a scroll of noise {unknown}
Potions
 m - a potion of brilliance {unknown}
 o - a potion of degeneration {unknown}
 s - a potion of agility {unknown}
 v - a potion of berserk rage {unknown}
 C - 2 potions of flight {unknown}
 E - a potion of experience {unknown}
Books
 D - a book of Maledictions

   Spells                             Type                      Level
   a - Corona                         Hexes                        1
   b - Ensorcelled Hibernation        Hexes/Ice                    2
   c - Confuse                        Hexes                        3
   d - Tukima's Dance                 Hexes                        3
   e - Dazzling Spray                 Conjuration/Hexes            3
Comestibles
 f - 3 bread rations
 j - 6 meat rations
 t - 13 fruits
 z - 3 royal jellies
 H - 4 chunks of flesh


   Skills:
 - Level 4.1 Fighting
 + Level 11.0 Polearms
 - Level 2.0 Throwing
 + Level 9.5 Dodging


You had 7 spell levels left.
You didn't know any spells.

Dungeon Overview and Level Annotations

Branches:
Dungeon (6/15)             Temple (1/1) D:4

Altars:
Ashenzari
Cheibriados
Fedhas
Gozag
Hepliaklqana
Kikubaaqudgha
Nemelex Xobeh
Qazlal
Ru
Trog
Uskayaw
Vehumet
Wu Jian
Xom
Yredelemnul
Zin
The Shining One


Innate Abilities, Weirdness & Mutations

You revert to your normal form in water.
You are very nimble and swift while swimming.
You are very stealthy in the water. (Stealth+)
You are hated by all.


Message History

The orc wizard is severely wounded.
The orc hits you from afar with a transparent trident {pierce}.
The orc misses you.
You hit the orc wizard but do no damage.
The orc wizard is severely wounded.
The orc wizard gestures at you while chanting.
The magic dart hits you! The orc barely misses you. The orc misses you.
You completely miss the orc wizard.
The orc wizard is severely wounded.
The orc wizard casts a cantrip, but nothing happens.
You puncture the orc wizard!
You kill the orc wizard!
The orc barely misses you. The orc completely misses you.
You puncture the orc!
You kill the orc!
The orc hits you from afar with a transparent trident {pierce}.
* * * LOW HITPOINT WARNING * * *
x2 The orc hits you with a transparent trident {pierce}!
* * * LOW HITPOINT WARNING * * *
You die...

### ### #.. #.> #.#
#.# #.# #.# #(#
########o### #.#
####..!...@)).# #.#
#..........[#.#
..#####.##.#####.)#.#
.......># #..#.#
........# #..#.#
........# #..#.# #
.######.#
#..#.####..## .#
#.##.#####....<).....#
.#
#<##..........####...#


You could see an orc.

Vanquished Creatures
  Menkaure (D:5)
  A phantom (D:4)
  The ghost of p0werm0de the Skirmisher, an amateur DsCK of Xom (D:4)
  3 ogres
  Dowan (D:5)
  2 howler monkeys (D:4)
  2 crimson imps (D:5)
  A hound (D:6)
  A bullfrog zombie (D:5)
  3 orc priests
  6 orc wizards
  3 worker ants (D:6)
  4 adders
  A shadow imp (D:5)
  2 oozes
  2 dart slugs (D:2)
  A leopard gecko (D:1)
  18 orcs
  8 giant cockroaches
  5 hobgoblins
  6 jackals
  4 quokkas
  6 bats
  5 frilled lizards
  7 goblins
  2 kobolds (D:3)
  A quokka skeleton (D:4)
  A quokka zombie (D:5)
  7 rats
105 creatures vanquished.

Vanquished Creatures (others)
  Duvessa (D:5)
1 creature vanquished.

Grand Total: 106 creatures vanquished

Notes
Turn   | Place    | Note
-------+----------+-------------------------------------------
     0 | D:1      | grindst0ne the Merfolk Gladiator began the quest for the Orb.
     0 | D:1      | Reached XP level 1. HP: 16/16 MP: 1/1
   163 | D:1      | Reached XP level 2. HP: 21/23 MP: 2/2
   679 | D:2      | Reached skill level 5 in Polearms
   830 | D:2      | Reached XP level 3. HP: 23/29 MP: 3/3
  1201 | D:2      | Found a basalt altar of Yredelemnul.
  1216 | D:2      | Reached XP level 4. HP: 29/35 MP: 4/4
  1534 | D:2      | Found a blossoming altar of Fedhas.
  1711 | D:3      | Found a hide-covered altar of Uskayaw.
  1712 | D:3      | Noticed a dagger
  1712 | D:3      | Noticed a dagger
  1763 | D:3      | Found a radiant altar of Vehumet.
  1807 | D:3      | Reached skill level 6 in Polearms
  1856 | D:3      | Reached XP level 5. HP: 23/42 MP: 5/5
  2023 | D:3      | Found an opulent altar of Gozag.
  2363 | D:4      | Reached skill level 7 in Polearms
  2389 | D:4      | Reached skill level 5 in Dodging
  2389 | D:4      | Reached XP level 6. HP: 31/48 MP: 6/6
  2393 | D:4      | Found a staircase to the Ecumenical Temple.
  2414 | Temple   | Entered the Ecumenical Temple
  2547 | Temple   | Became a worshipper of Ru the Awakened
  2609 | D:4      | Noticed p0werm0de's ghost (amateur DsCK)
  2918 | D:4      | Noticed a phantom
  2954 | D:4      | Killed a phantom
  2954 | D:4      | Reached skill level 8 in Polearms
  2994 | D:4      | Killed p0werm0de's ghost
  2994 | D:4      | Reached XP level 7. HP: 45/54 MP: 7/7
  3317 | D:4      | Found a shimmering altar of Xom.
  3318 | D:4      | Found a hazy altar of Hepliaklqana.
  3319 | D:4      | Noticed a spectral ugly thing
  3549 | D:5      | Entered Level 5 of the Dungeon
  3697 | D:5      | Gained mutation: You are hated by all. [Ru sacrifice]
  3697 | D:5      | Reached * piety under Ru
  3868 | D:5      | Noticed Menkaure
  3874 | D:5      | Killed Menkaure
  3874 | D:5      | Reached skill level 9 in Polearms
  4289 | D:5      | Found a sparkling altar of Nemelex Xobeh.
  4330 | D:6      | Noticed Duvessa
  4392 | D:5      | Reached XP level 8. HP: 38/60 MP: 8/8
  4511 | D:6      | Noticed Dowan
  4560 | D:5      | Killed Duvessa
  4560 | D:5      | Reached skill level 10 in Polearms
  4565 | D:5      | Killed Dowan
  5180 | D:6      | Reached skill level 11 in Polearms
  5190 | D:6      | HP: 2/60 [orc/transparent trident {pierce} (10)]
  5190 | D:6      | Identified the +9 trident of Understanding {pierce, rF+ rN+ Str-5 Int+3}
  5190 | D:6      | Slain by an orc

Vault maps used:
D:1:      shiori_arrival_whats_in_store_for_you, serial_park_tiny_2,
          hangedman_decor_peaks_small, minmay_heptomino_d4
D:2:      yredelemnul_altar_generic, serial_bayou, serial_bayou_pond_e,
          serial_bayou_lagoon_a, serial_bayou_pond_c, serial_bayou_shore_a,
          fedhas_altar_fruit_tree
D:3:      nicolae_gozag_cash_rules_everything_around_me,
          nicolae_overflow_hidden_temple, dancing_weapons_uskayaw
D:4:      regret_index_temple_of_mockery, minmay_temple_entry_water_ring,
          serial_co_window_serial, co_window_paths_b, co_window_paths_a,
          co_window_corner_a, co_window_paths_b, co_window_cross_1,
          co_window_of_opportunity_c, co_window_broadway_b, co_window_paths_c,
          co_window_corner_b, co_window_paths_d, glass_columns_c, first_bread,
          nrook_mini_backslash
D:5:      nemelex_dance_club_becter, uniq_menkaure
D:6:      lemuel_round_altar, lemuel_crystal_altar, tso_metal_star,
          uniq_crazy_yiuf_cottage, uniq_sigmund, uniq_duvessa
Temple:   nicolae_temple_figure_zero

Skill      XL: |  1  2  3  4  5  6  7  8 |
---------------+-------------------------+-----
Polearms       | 5 6 7 8 9 11 | 11.0
Fighting       | 3 4 |  4.1
Dodging        | 5 6 8 9 |  9.5
Throwing       | |  2.0

Action                   |  1- 3 |  4- 6 |  7- 9 || total
-------------------------+-------+-------+-------++-------
Melee: Trident           |    75 |   195 |   148 ||   418
       Unarmed           |       |     5 |       ||     5
Invok: Sacrifice Love    |       |       |     1 ||     1
  Use: Potion            |       |     1 |     2 ||     3
 Stab: Sleeping          |       |     3 |     2 ||     5
  Eat: Chunk             |       |     7 |     2 ||     9
       Bread ration      |       |       |     1 ||     1
Armor: Leather armour    |    19 |    26 |    16 ||    61
Dodge: Dodged            |    50 |   123 |   102 ||   275
